 Dungeon Crawl Stone Soup version 0.18-a0-659-gb9673d2 (webtiles) character file.

144 Duffy the Chucker (level 5, -10/53 HPs)
             Began as an Ogre Hunter on Dec 5, 2015.
             Mangled by Crazy Yiuf
             ... wielding a +4 quarterstaff of chaos
              (13 damage)
             ... on level 3 of the Dungeon.
             The game lasted 00:03:50 (3190 turns).

Duffy the Chucker (Ogre Hunter)                     Turns: 3190, Time: 00:03:50

Health: -10/53     AC:  3    Str: 18    XL:     5   Next: 26%
Magic:  5/5        EV: 10    Int: 10    God:
Gold:   139        SH:  0    Dex: 10    Spells: 0 memorised, 4 levels left

rFire  . . .     SeeInvis .     b - +0 blowgun
rCold  . . .     Clarity  .     x - +0 robe
rNeg   . . .     SustAt   .     (no shield)
rPois  .         Gourm    .     (helmet restricted)
rElec  .         Spirit   .     (no cloak)
rCorr  .         Dismiss  .     (gloves unavailable)
rMut   .         Stasis   .     (boots unavailable)
MR     .....                    (no amulet)
Stlth  +.........               (no ring)
                                (no ring)

@: not resistant to hostile enchantments, very unstealthy
A: unfitting armour, tough skin 1
a: no special abilities


You were on level 3 of the Dungeon.
You were very hungry.

You visited 1 branch of the dungeon, and saw 3 of its levels.

You collected 139 gold pieces.


Innate Abilities, Weirdness & Mutations

You are too large for most types of armour.
You have tough skin (AC +1).


   Skills:
 - Level 3.0 Fighting
 + Level 6.2 Throwing
 - Level 1.8 Dodging
 - Level 0.8 Stealth


You had 4 spell levels left.
You didn't know any spells.

Inventory:

Hand Weapons
 a - a +0 short sword
 b - a +0 blowgun (weapon)
 f - a +0 dagger of venom
Missiles
 d - 3 throwing nets
 i - 10 poisoned needles (quivered)
Armour
 x - a +0 robe (worn)
Scrolls
 h - 7 scrolls of identify {unknown}
 k - a scroll of immolation {unknown}
 p - 2 scrolls of fog {unknown}
 q - a scroll of enchant armour {unknown}
 v - a scroll of recharging {unknown}
 w - a scroll of remove curse {unknown}
Potions
 g - a potion of cure mutation {unknown}
 j - 2 potions of heal wounds
 r - 2 potions of curing {unknown}
 s - a potion of resistance {unknown}
 z - a potion of invisibility {unknown}
Comestibles
 e - 2 bread rations
 l - 5 fruits
 m - a royal jelly
 o - 2 meat rations
 t - a slice of pizza
 u - a beef jerky

Dungeon Overview and Level Annotations

Branches:
Dungeon (3/15)

Altars:
Elyvilon
Okawaru
Qazlal
Sif Muna
Vehumet
The Shining One

Annotations:
D:3 Crazy Yiuf


Message History

The quokka bites you but does no damage.
Firing (i - inventory. (,) - cycle):
i - 14 poisoned needles (quivered)
Press: ? - help, Shift-Dir - straight line, f - Crazy Yiuf, p - orc
Aim: Crazy Yiuf, wielding a quarterstaff of chaos and wearing a cloak (severely wounded)
You shoot a poisoned needle. The poisoned needle hits the quokka!
The quokka is heavily wounded.
You kill the quokka!
Firing (i - inventory. (,) - cycle):
i - 13 poisoned needles (quivered)
Press: ? - help, Shift-Dir - straight line, f/p - Crazy Yiuf
Aim: Crazy Yiuf, wielding a quarterstaff of chaos and wearing a cloak (severely wounded)
You shoot a poisoned needle. The poisoned needle hits the orc!
The orc is poisoned.
The orc misses you.
Firing (i - inventory. (,) - cycle):
i - 12 poisoned needles (quivered)
Press: ? - help, Shift-Dir - straight line, f/p - Crazy Yiuf
Aim: Crazy Yiuf, wielding a quarterstaff of chaos and wearing a cloak (severely wounded)
You shoot a poisoned needle. The poisoned needle hits the orc!
The orc looks even sicker.
The orc hits you with a short sword!
You kill the orc!
Crazy Yiuf laughs, "Fluff wrapper mobile!"
Crazy Yiuf says, "Mountain sing foot!"
Crazy Yiuf cries, "Orb down hand!"
Quiver which item? (- for none, * to show all) (? for menu, Esc to quit)
Okay, then.
Crazy Yiuf screams, "Lugonu!"
Crazy Yiuf cries, "Seed!"
Firing (i - inventory. (,) - cycle):
i - 11 poisoned needles (quivered)
Press: ? - help, Shift-Dir - straight line, f/p - Crazy Yiuf
Aim: Crazy Yiuf, wielding a quarterstaff of chaos and wearing a cloak (severely wounded)
You shoot a poisoned needle. The poisoned needle hits Crazy Yiuf!
Crazy Yiuf is poisoned.
Crazy Yiuf is severely wounded.
Crazy Yiuf hits you with a quarterstaff of chaos.
You are electrocuted!
You die...

## #.# #.. ..# #.# #.# #.# #.#
##########.# #.# #..>....##.#
##### #.#
#.......##.###..<###.###########
+.......+.....g@.............(..
#.......##.###...###.###########
####........########........#
#........# #...........#
#........+ ########....##
#........## #.....###
#.).......# ### #.....'..
#..######## #). #.....### #..#
#.( #........


You could see Crazy Yiuf.

Action                   |  1- 3 |  4- 6 || total
-------------------------+-------+-------++-------
Melee: Dagger            |   164 |    35 ||   199
       Short sword       |     6 |       ||     6
 Fire: Blowgun           |       |    21 ||    21
Throw: Large rock        |       |     8 ||     8
 Stab: Sleeping          |     2 |       ||     2
  Eat: Chunk             |     5 |     1 ||     6

Notes
Turn   | Place    | Note
--------------------------------------------------------------
     0 | D:1      | Duffy the Ogre Hunter began the quest for the Orb.
     0 | D:1      | Reached XP level 1. HP: 22/22 MP: 1/1
   105 | D:1      | Reached skill level 3 in Fighting
   198 | D:1      | Reached XP level 2. HP: 18/31 MP: 2/2
  1260 | D:2      | Reached XP level 3. HP: 37/37 MP: 3/3
  1639 | D:2      | Reached skill level 5 in Throwing
  1749 | D:2      | Found a white marble altar of Elyvilon.
  2046 | D:2      | Found a radiant altar of Vehumet.
  2131 | D:2      | Found a stormy altar of Qazlal.
  2131 | D:2      | Found a glowing golden altar of the Shining One.
  2192 | D:2      | Found an iron altar of Okawaru.
  2366 | D:3      | Reached XP level 4. HP: 38/45 MP: 4/4
  3052 | D:3      | Found a deep blue altar of Sif Muna.
  3114 | D:3      | Noticed Crazy Yiuf
  3155 | D:3      | Reached skill level 6 in Throwing
  3162 | D:3      | Reached XP level 5. HP: 15/53 MP: 5/5
  3190 | D:3      | Mangled by Crazy Yiuf

Vault maps used:
D:1:      lemuel_arrival_rhombus
D:2:      vehumet_crystals, kennysheep_okawaru_gauntlet,
          amethyst_overflow_temple_binary, minmay_liquid_box, elyvilon_altar_3
D:3:      led_sif_pool, first_bread, uniq_crazy_yiuf_cottage

Vanquished Creatures
  An orc priest
  An orc wizard
  An adder
  A shadow imp
  3 worms
  A giant gecko
  3 orcs
  7 goblins
  5 hobgoblins
  2 jackals
  A quokka
  10 bats
  3 giant cockroaches
  2 giant newts
  9 kobolds
  8 rats
58 creatures vanquished.
